 Dungeon Crawl Stone Soup version 0.30-a0-364-gf6b3ef1049 (webtiles) character file.

Game seed: 608072174719031242

21119 Grande the Cruncher (level 13, -3/101 HPs)
             Began as a Human Berserker on Nov 16, 2022.
             Was an Elder of Trog.
             Slain by a skeletal warrior
             ... wielding a +0 trident
              (14 damage)
             ... on level 12 of the Dungeon.
             The game lasted 00:53:20 (13083 turns).

Grande the Cruncher (Human Berserker)              Turns: 13083, Time: 00:53:20

Health: -3/101     AC: 20    Str: 23    XL:     13   Next: 17%
Magic:  0/13       EV: 18    Int: 10    God:    Trog [****..]
Gold:   517        SH:  0    Dex: 18    Spells: 12/12 levels left

rFire   + . .      SeeInvis .    C - +4 quarterstaff (chaos)
rCold   . . .      Faith    .    (shield currently unavailable)
rNeg    . . .      Spirit   +    E - +6 scale mail
rPois   .          Reflect  .    (no helmet)
rElec   .          Harm     .    D - +2 cloak {Stlth+}
rCorr   .          Rampage  .    (no gloves)
Will    ++...                    y - +2 pair of boots {Stlth+}
Stlth   +++.......               c - amulet "Fedun" {Spirit rF+ Str+2 Stlth-}
HPRegen 1.36/turn                g - +4 ring of evasion
MPRegen 0.13/turn                j - +6 ring of dexterity

@: strong-willed, on berserk cooldown, regenerating, slowed, very slow
A: no striking features
a: Renounce Religion, Berserk, Trog's Hand, Brothers in Arms


You were on level 12 of the Dungeon.
You worshipped Trog.
Trog was greatly pleased with you.
You visited 1 branch of the dungeon, and saw 12 of its levels.
You also visited: Ossuary.

You collected 787 gold pieces.
You spent 270 gold pieces at shops.

Inventory:

Hand Weapons
 a - a +3 mace
 i - a +0 whip
 m - the +0 whip of Vouleeh {holy, Int+3 Dex+4 SInv Stlth+}
   (You found it on level 2 of the Dungeon)

   It has been blessed by the Shining One to cause great damage to the undead
   and demons.
   Int:       It affects your intelligence (+3).
   Dex:       It affects your dexterity (+4).
   SInv:      It lets you see invisible.
   Stlth:     It makes you more stealthy.
 u - a +3 flail
 v - a +1 antimagic dagger
 A - a +0 short sword of electrocution
 C - a +4 quarterstaff of chaos (weapon)
 G - a +3 trident
 J - a +1 longbow of freezing
 K - a +2 flail of protection
 L - a +2 vorpal hand axe
 M - a +2 morningstar of holy wrath
Missiles
 f - a throwing net (quivered)
Armour
 y - a +2 pair of boots of stealth (worn)
 D - a +2 cloak of stealth (worn)
 E - a +6 scale mail (worn)
Jewellery
 c - the amulet "Fedun" (around neck) {Spirit rF+ Str+2 Stlth-}
   (You acquired it on level 3 of the Dungeon)

   [amulet of guardian spirit]

   It causes incoming damage to be divided between your reserves of health and
   magic.
   Str:       It affects your strength (+2).
   rF:        It protects you from fire.
   Stlth:     It makes you less stealthy.
 g - a +4 ring of evasion (left hand)
 j - a +6 ring of dexterity (right hand)
 F - a ring of protection from fire
 P - an amulet of magic regeneration
Wands
 x - a wand of flame (24)
 R - a wand of roots (9)
Scrolls
 b - 2 scrolls of vulnerability
 d - a scroll of noise
 h - 4 scrolls of blinking
 l - 5 scrolls of fog
 n - 10 scrolls of teleportation
 q - 5 scrolls of fear
 I - a scroll of silence
 O - a scroll of identify
 Q - a scroll of immolation {unknown}
Potions
 e - 3 potions of ambrosia {unknown}
 k - 5 potions of attraction
 o - 7 potions of heal wounds
 p - 9 potions of curing
 r - 3 potions of flight
 s - a potion of berserk rage
 t - 2 potions of brilliance
 w - a potion of invisibility
 z - 4 potions of mutation
 B - 3 potions of resistance
 H - a potion of lignification {unknown}
 N - a potion of might


   Skills:
 + Level 9.5 Fighting
 + Level 6.9(11.1) Maces & Flails
 + Level 13.4(14.0) Staves
 + Level 7.3 Armour
 + Level 7.8 Dodging
 + Level 7.1 Stealth


You had 12 spell levels left.
You didn't know any spells.
Your spell library was empty.

Dungeon Overview and Level Annotations

Branches:
Dungeon (12/15)            Temple (0/1) D:4            Lair (0/5) D:10
    Orc (0/2) D:12        Ossuary (visited)

Altars:
Cheibriados
Dithmenos
Elyvilon
Fedhas
Hepliaklqana
Okawaru
Qazlal
Sif Muna
Vehumet
Xom
Yredelemnul

Shops:
D:3 ?   D:6 *   D:8 ?   D:10 :

Annotations:
D:11 exclusion: oklob plant


Message History

The skeletal warrior hits you but does no damage.
The skeletal warrior misses you.
The skeletal warrior closely misses you.
The skeletal warrior misses you.
You hit the skeletal warrior. You burn the skeletal warrior.
The skeletal warrior is moderately damaged.
The skeletal warrior hits you with a +0 short sword!
You sock the skeletal warrior! You burn the skeletal warrior.
The skeletal warrior is heavily damaged.
The skeletal warrior completely misses you.
Your ogre goes berserk!
Trog will no longer gift you weapons.
The skeletal warrior hits you but does no damage.
The skeletal warrior hits you with a +0 short sword.
The skeletal warrior hits you from afar with a +0 trident.
The skeletal warrior hits you but does no damage.
You hit the skeletal warrior. You freeze the skeletal warrior.
The skeletal warrior is heavily damaged.
Your ogre hits the skeletal warrior with a +0 giant club!!!
The skeletal warrior is destroyed!
Trog accepts your kill.
The skeletal warrior hits you from afar with a +0 trident!
* * * LOW HITPOINT WARNING * * *
Your ogre hits the skeletal warrior with a +0 giant club!!
The skeletal warrior closely misses you.
You see here a +0 short sword.
Your ogre misses the skeletal warrior.
The skeletal warrior hits your ogre with a +0 trident!!
Your ogre hits the skeletal warrior with a +0 giant club!!
The skeletal warrior hits your ogre with a +0 trident!!
Your ogre dies!
Your ogre's corpse disappears in a puff of smoke!
The skeletal warrior hits you from afar with a +0 trident!
* * * LOW HITPOINT WARNING * * *
You see here a +0 short sword.
The skeletal warrior misses you.
The skeletal warrior hits you from afar with a +0 trident!
* * * LOW HITPOINT WARNING * * *
The skeletal warrior hits you with a +0 trident!
You die...

#.# #.# #^# #.# #.# #)######
######.###################.#.....
#............................^...
#.####.###################.#.####
#.# #.#.#.^. ######.############
######## .......)..†....z@.#####
#########
#########...#####)..#..##..#.#.#.
#...# ###...#....##..## +.....
.####.....†... #....$.. .#
##.#.####. #........ .#
#....#..#. ####..... .# #.#....#
##### .# ##..##.. .# #.#...##


You could see a skeletal warrior.

Vanquished Creatures
  Snorg (D:10)
  A centaur warrior (D:9)
  3 two-headed ogres (D:11)
  Nergalle (D:12)
  A skeletal warrior (D:12)
  A cyclops (D:11)
  Maurice (D:10)
  A gargoyle (D:10)
  3 unseen horror zombies (D:10)
  2 kobold demonologists (D:12)
  A komodo dragon (D:11)
  2 trolls
  4 slime creatures (D:11)
  A raiju (shapeshifter) (D:8)
  Grinder (D:3)
  2 shadows
  A wraith (D:10)
  22 yaks
  Grum (D:6)
  2 steam dragons
  9 vampire mosquitoes
  A warg (D:12)
  2 acid dragons (D:10)
  3 water moccasins
  An orc warrior (D:8)
  A sky beast (D:6)
  3 black bears
  An ogre (D:4)
  5 centaurs
  3 kobold brigands
  3 bullfrogs
  An elf zombie (D:8)
  3 scorpions
  5 wyvern zombies (Ossuary)
  An elf skeleton (D:8)
  2 water moccasin zombies (Ossuary)
  7 wights
  6 killer bees
  6 howler monkeys
  10 bullfrog zombies (Ossuary)
  3 centaur zombies
  12 hounds
  9 orc priests
  A human zombie (D:10)
  14 mummies
  Crazy Yiuf (D:6)
  3 iguanas
  2 gnoll boudas
  3 human skeletons (D:8)
  19 orc wizards
  9 gnolls
  3 howler monkey zombies
  6 adders
  3 white imps
  2 ufetubi (D:5)
  2 worms
  3 dart slugs
  36 orcs
  10 endoplasms
  A giant cockroach (D:1)
  4 goblins
  7 hobgoblins
  3 jackals (D:6)
  5 quokkas
  7 ball pythons
  4 bats
  2 frilled lizards
  17 kobolds
  An orc zombie (D:8)
  4 rats
321 creatures vanquished.

Vanquished Creatures (collateral kills)
  A skeletal warrior (D:12)
  Edmund (D:6)
  An orc wizard (D:8)
  An orc (D:8)
4 creatures vanquished.

Vanquished Creatures (others)
  11 fungi (D:2)
  5 toadstools (D:2)
  5 withered plants (Ossuary)
21 creatures vanquished.

Grand Total: 346 creatures vanquished

Notes
Turn   | Place    | Note
-------+----------+-------------------------------------------
     0 | D:1      | Grande the Human Berserker began the quest for the Orb.
     0 | D:1      | Reached XP level 1. HP: 18/18 MP: 1/1
   111 | D:1      | Reached XP level 2. HP: 24/24 MP: 2/2
   299 | D:1      | Found a faded altar of an unknown god.
   567 | D:1      | Reached XP level 3. HP: 29/29 MP: 3/3
   874 | D:2      | Identified the +0 whip of Vouleeh {holy, Int+3 Dex+4 SInv
                  | Stlth+}
  1228 | D:2      | Reached ** piety under Trog
  1229 | D:2      | Reached XP level 4. HP: 35/35 MP: 4/4
  1724 | D:3      | Noticed Grinder
  1732 | D:3      | Paralysed by Grinder for 2 turns
  1752 | D:3      | Killed Grinder
  1753 | D:3      | Reached skill level 5 in Maces & Flails
  1753 | D:3      | Reached XP level 5. HP: 13/42 MP: 5/5
  1753 | D:3      | Reached XP level 6. HP: 15/48 MP: 6/6
  2065 | D:3      | Found a shimmering blue altar of Sif Muna.
  2129 | D:3      | Found Odoodd Rofy's Magic Scroll Emporium.
  2274 | D:3      | Bought a scroll of enchant weapon for 90 gold pieces
  2274 | D:3      | Bought a scroll of enchant weapon for 90 gold pieces
  2279 | D:3      | Identified a scroll of acquirement
  2279 | D:3      | Acquired the amulet "Fedun" {Spirit rF+ Str+2 Stlth-}
  2637 | D:4      | Noticed an ogre
  2641 | D:4      | Killed an ogre
  2764 | D:4      | Reached XP level 7. HP: 53/53 MP: 7/7
  2813 | D:4      | Found a staircase to the Ecumenical Temple.
  3072 | D:4      | Found a stormy altar of Qazlal.
  3416 | D:5      | Entered Level 5 of the Dungeon
  3416 | D:5      | Found a shimmering altar of Xom.
  4440 | D:5      | Found a shadowy altar of Dithmenos.
  4866 | D:5      | Reached XP level 8. HP: 15/60 MP: 1/8
  5458 | D:6      | Found a runed translucent door.
  5459 | D:6      | Noticed Crazy Yiuf
  5492 | D:6      | Killed Crazy Yiuf
  5574 | D:6      | Reached skill level 1 in Staves
  5677 | D:6      | Reached skill level 5 in Fighting
  5752 | D:6      | Reached skill level 2 in Staves
  5799 | D:6      | Reached skill level 5 in Dodging
  5856 | D:6      | Found an iron altar of Okawaru.
  5892 | D:6      | Noticed Grum
  5905 | D:6      | Killed Grum
  5906 | D:6      | Reached skill level 3 in Staves
  5906 | D:6      | Reached XP level 9. HP: 55/68 MP: 7/9
  6023 | D:6      | Found Yprihiud's Elemental Accessories.
  6063 | D:6      | Found a snail-covered altar of Cheibriados.
  6175 | D:6      | Reached skill level 4 in Staves
  6290 | D:6      | Found a faded altar of an unknown god.
  6291 | D:6      | Found a hazy altar of Hepliaklqana.
  6291 | D:6      | Noticed Edmund
  6311 | D:6      | Killed Edmund
  6689 | D:7      | Reached skill level 5 in Staves
  6794 | D:7      | Reached *** piety under Trog
  7132 | D:7      | Reached skill level 6 in Staves
  7360 | D:8      | Found Foudehost's Magic Scroll Emporium.
  7368 | D:8      | Bought a scroll of identify for 30 gold pieces
  7368 | D:8      | Bought a scroll of identify for 30 gold pieces
  7368 | D:8      | Bought a scroll of identify for 30 gold pieces
  7418 | D:8      | Reached XP level 10. HP: 63/76 MP: 7/10
  7485 | D:8      | Found a sand-covered staircase.
  7491 | Ossuary  | Entered an ossuary
  7508 | Ossuary  | Reached skill level 7 in Staves
  7559 | Ossuary  | Reached skill level 5 in Stealth
  7697 | Ossuary  | Reached **** piety under Trog
  7826 | Ossuary  | Reached skill level 8 in Staves
  8020 | D:8      | Noticed a salamander
  8023 | D:8      | a salamander changed into something unseen
  8459 | D:8      | Found a white marble altar of Elyvilon.
  8606 | D:8      | Reached skill level 9 in Staves
  8787 | D:8      | Reached XP level 11. HP: 83/83 MP: 11/11
  9054 | D:9      | Found a radiant altar of Vehumet.
  9107 | D:9      | Reached skill level 5 in Armour
  9126 | D:9      | Reached skill level 10 in Staves
  9146 | D:9      | Reached ***** piety under Trog
  9218 | D:9      | Noticed a centaur warrior
  9235 | D:9      | Killed a centaur warrior
  9778 | D:10     | Entered Level 10 of the Dungeon
 10048 | D:10     | Found a staircase to the Lair.
 10085 | D:10     | Received a gift from Trog
 10088 | D:10     | Reached skill level 11 in Staves
 10175 | D:10     | Found Leadd's Book Shop.
 10232 | D:10     | Noticed Maurice
 10243 | D:10     | Killed Maurice
 10427 | D:10     | Noticed Snorg
 10443 | D:10     | Killed Snorg
 10444 | D:10     | Reached XP level 12. HP: 64/92 MP: 8/12
 10683 | D:10     | Found a basalt altar of Yredelemnul.
 11207 | D:11     | Noticed a two-headed ogre
 11223 | D:11     | Killed a two-headed ogre
 11224 | D:11     | Reached skill level 12 in Staves
 11374 | D:11     | Noticed a two-headed ogre
 11386 | D:11     | Killed a two-headed ogre
 11531 | D:11     | Noticed a two-headed ogre
 11547 | D:11     | Killed a two-headed ogre
 12180 | D:11     | Found a blossoming altar of Fedhas.
 12756 | D:12     | Found a staircase to the Orcish Mines.
 12837 | D:12     | Noticed Nergalle
 12846 | D:12     | Killed Nergalle
 12924 | D:12     | Reached XP level 13. HP: 101/101 MP: 13/13
 12947 | D:12     | Reached skill level 13 in Staves
 13083 | D:12     | Slain by a skeletal warrior

Illustrated notes

Levels and vault maps discovered:
D:1:      dpeg_arrival_stonehenge_8_columns, layout_loops_ring,
          shapermc_ecumenical_altar_mp_highgroup, minmay_misc_feat_more_columns,
          minmay_misc_feat_diagonals, minmay_small_reverse_x
D:2:      layout_rooms, supply_closet_lemuel, st_stairs_13,
          minmay_gold_behind_fungi, roderic_malta_cross
D:3:      layout_basic, mainiacjoe_overflow_alcove_2, serial_shops,
          nicolae_shop_hallway_stairs, uniq_grinder
D:4:      layout_basic, grunt_qazlal_clouds, temple_pool_b
D:5:      layout_basic, mainiacjoe_overflow_paths, brannock_xom_greatest_gift
D:6:      layout_cave_pools, beargit_hepliaklqana_dungeon_heroes,
          nicolae_overflow_hidden_temple, cheibrodos_worm_habitat,
          serial_gnoll_camp, gnoll_camp_mini_loothouse, grums_kennel,
          gnoll_camp_mini_hut, gnoll_camp_mini_doghouse,
          kennysheep_small_spiral, minmay_misc_feat_iff, nicolae_elemental_shop,
          uniq_edmund, uniq_crazy_yiuf_cottage
D:7:      layout_basic
D:8:      layout_loops_corners, elyvilon_altar_5, serial_shops,
          nicolae_shop_advertising_works [nicolae_subvault_shop_adworks],
          enter_bailey_2, nicolae_ossuary_entry_catacombs,
          chequers_serial_rivers_small_a
D:9:      layout_rooms, overflow_temple_1_default
D:10:     layout_stronghold, lemuel_mausoleum_altar_yredelemnul,
          lair_entry_dummy, serial_shops, kennysheep_mini_moat,
          grunt_ministairs_9, st_stairs_2, uniq_maurice, uniq_snorg
D:11:     layout_stronghold, tgw_fedhas
D:12:     layout_basic, erik_orc_3, uniq_nergalle

Skill      XL: |  1  2  3  4  5  6  7  8  9 10 11 12 13 |
---------------+----------------------------------------+-----
Maces & Flails | 5 6 |  6.9
Dodging        | 3 4 5 6 7 |  7.8
Stealth        | 2 3 4 5 6 7 |  7.1
Fighting       | 4 5 6 8 9 |  9.5
Staves         | 3 6 9 11 12 13 | 13.4
Armour         | 3 4 5 7 |  7.3

Action                   |  1- 3 |  4- 6 |  7- 9 | 10-12 | 13-15 || total
-------------------------+-------+-------+-------+-------+-------++-------
Melee: Mace              |    49 |    17 |    89 |       |       ||   155
       Whip              |    85 |    72 |    79 |       |       ||   236
       Punch             |     1 |     1 |       |       |       ||     2
       Quarterstaff      |       |       |   203 |   783 |    60 ||  1046
Throw: Throwing net      |       |       |       |     1 |       ||     1
Invok: Berserk           |     1 |     2 |     6 |     6 |     2 ||    17
       Trog's Hand       |       |     1 |     1 |     1 |     1 ||     4
       Brothers in Arms  |       |       |       |       |     1 ||     1
  Use: Potion            |       |     1 |     3 |       |       ||     4
       Scroll            |       |     4 |    15 |     4 |       ||    23
 Stab: Sleeping          |     2 |     5 |     4 |    10 |       ||    21
       Distracted        |       |       |     2 |     2 |       ||     4
       Confused          |       |       |     2 |     4 |       ||     6
       Petrifying        |       |       |       |     4 |       ||     4
       Paralysed         |       |       |       |     6 |       ||     6
Armor: Animal skin       |     9 |    11 |    53 |       |       ||    73
       Scale mail        |       |       |    67 |   228 |    15 ||   310
Dodge: Dodged            |    79 |    65 |   469 |   530 |    22 ||  1165

Table legend: (Time is in decaauts)
 A = Elapsed time spent in this place.
 B = Non-inter-level travel time spent in this place.
 C = Inter-level travel time spent in this place.
 D = Time resting spent in this place.
 E = Time spent auto-exploring this place.
 F = Levels seen in this place.
 G = Mean time per level.
                   A        B        C        D        E       F      G
               +--------+--------+--------+--------+--------+-----+--------+
         Total |  13023 |  12277 |    746 |   1840 |   7547 |  13 | 1001.8 |
       Dungeon |  12578 |  11832 |    746 |   1840 |   7380 |  12 | 1048.2 |
       Ossuary |    444 |    444 |      0 |      0 |    166 |   1 |  444.0 |
               +--------+--------+--------+--------+--------+-----+--------+

Top non-repeatable levels by time:
     D:5: 1725 daAuts
    D:11: 1610 daAuts
     D:6: 1417 daAuts
    D:10: 1216 daAuts
     D:8: 1211 daAuts
     D:4: 1106 daAuts
     D:2: 837 daAuts
     D:9: 815 daAuts
     D:3: 772 daAuts
     D:7: 769 daAuts
     D:1: 725 daAuts
 Ossuary: 444 daAuts
    D:12: 370 daAuts
